 Dungeon Crawl Stone Soup version 0.29-a0-91-gdebf4667c2 (webtiles) character file.

Game seed: 17273208939113395378

25 enile the Gusty (level 2, 0/13 HPs)
             Began as a Felid Air Elementalist on Feb 9, 2022.
             Was a Believer of Ashenzari.
             Slain by an adder (3 damage)
             ... on level 1 of the Dungeon.
             The game lasted 00:02:11 (1897 turns).

enile the Gusty (Felid Air Elementalist)            Turns: 1897, Time: 00:02:12

Health: 0/13       AC:  1    Str:  4    XL:     2   Next: 82%
Magic:  4/6        EV: 18    Int: 16    God:    Ashenzari [**....]
Gold:   108        SH:  0    Dex: 16    Spells: 2/5 levels left
                                        Lives:  0   Deaths: 0

rFire   . . .      SeeInvis +   (weapon unavailable)
rCold   + . .      Faith    .   (shield unavailable)
rNeg    . . .      Spirit   .   (armour unavailable)
rPois   .          Reflect  .   (helmet unavailable)
rElec   .          Harm     .   (cloak unavailable)
rCorr   .          Rampage  .   (gloves unavailable)
Will    .....                   (boots unavailable)
Stlth   +++.......              (no amulet)
HPRegen 0.04/turn               d - ring of Ashenzari's Suspicion {rC+, Cun, Melee} (curse)
MPRegen 0.10/turn               (no ring)

@: about to teleport, quick
A: very small, claws 1, fangs 3, see invisible, speed 1, shaggy fur 1, stealthy
paws, no weapons or thrown items, no armour, multi-lived
a: Renounce Religion, Curse Item, Shatter the Chains


You were on level 1 of the Dungeon.
You worshipped Ashenzari.
Ashenzari was pleased with you.
You visited 1 branch of the dungeon, and saw 2 of its levels.

You collected 108 gold pieces.

Inventory:

Jewellery
 d - the cursed ring of Ashenzari's Suspicion (left paw) {rC+, Cun, Melee}
   (You found it on level 1 of the Dungeon)

   [ring of protection from cold]

   rC:        It protects you from cold.
   It has a curse which improves the following skills: Cunning: Dodging and
   Stealth.
   Melee Combat: Unarmed Combat.
Scrolls
 b - a scroll of fear
 c - 3 scrolls of identify
 e - a scroll of torment
 f - a scroll of fog
 g - a scroll of vulnerability
 h - 2 scrolls of magic mapping
 l - a scroll of amnesia
Potions
 a - a potion of curing
 i - a potion of flight
 j - 2 potions of heal wounds


   Skills:
 - Level 2.0 Fighting
 - Level 2.8(3.9) Dodging
 - Level 2.6(3.7) Stealth
 + Level 2.1 Spellcasting
 - Level 0.8 Conjurations
 - Level 3.0 Air Magic


You had 2 spell levels left.
You knew the following spells:

 Your Spells              Type           Power      Damage    Failure   Level
a - Shock                 Conj/Air       28%        1d4       10%         1
b - Static Discharge      Conj/Air       7%         N/A       14%         2

Your spell library contained the following spells:

 Spells                   Type           Power      Damage    Failure   Level
 Foxfire                  Conj/Fire      12%        2x1d4     17%         1
 Swiftness                Air            11%        N/A       19%         3
 Airstrike                Air            5%         N/A       52%         4
 Fireball                 Conj/Fire      1%         3d3       99%         5
 Iskenderun's Battlesphe  Conj           4%         2d6       99%         5
 Conjure Ball Lightning   Conj/Air       3%         3x3d6     100%        6
 Orb of Destruction       Conj           2%         9d5       100%        7


Dungeon Overview and Level Annotations

Branches:
Dungeon (2/15)

Altars:
Ashenzari


Innate Abilities, Weirdness & Mutations

You have sharp claws.
You have razor-sharp teeth.
You have supernaturally acute eyesight. (SInv)
You cover ground quickly. (Speed+)
You are covered in fur. (AC +1)
Your paws help you pounce on unaware monsters.
You are incapable of wielding weapons or throwing items.
You cannot wear armour.
You gain extra lives every three experience levels.


Message History

Press: ? - help, Shift-Dir - straight line, f/p - adder
Aim: an adder (heavily wounded, 48% to hit)
The zap misses the adder.
There are monsters nearby!
Casting: Shock (safe; 10% risk of failure)
Confirm with . or Enter, or press ? or * to list all spells.
Aiming: Shock (safe; 10% risk of failure)
Press: ? - help, Shift-Dir - straight line, f/p - adder
Aim: an adder (heavily wounded, 48% to hit)
The zap hits the adder.
The adder is heavily wounded.
Casting: Shock (safe; 10% risk of failure)
Confirm with . or Enter, or press ? or * to list all spells.
Okay, then.
Casting: Shock (safe; 10% risk of failure)
Confirm with . or Enter, or press ? or * to list all spells.
Aiming: Shock (safe; 10% risk of failure)
Press: ? - help, Shift-Dir - straight line, f/p - adder
Aim: an adder (heavily wounded, 48% to hit)
The zap hits the adder.
The adder is severely wounded.
The adder bites you.
You are poisoned.
The adder poisons you!
A ball python comes into view.
You feel sick.
You feel sick.
You feel sick.
There is an escape hatch in the ceiling here.
You feel sick.
You are no longer poisoned.
The adder bites you.
* * * LOW HITPOINT WARNING * * *
A mysterious force pulls you upwards. The hatch slams shut behind you.
The adder completely misses you.
There is an open door here.
The adder closely misses you.
As you read the scroll of teleportation, it crumbles to dust.
You feel strangely unstable. The adder bites you.
You die...

#....................##...
#........)...........##.##
#....................##.#.
#....................##.#.
##'##########........##.#.
#.# ###.#........##.#. #.#
#...#........##.#.
#.######.#.#........##.#.
#>......@..+.............
####.######S#.#........##...
#......# #.#.######........
#......####.#...............
#......#....................
#......#.##.########.#......
#......#.....# #.#.#####
#......#.....#######.#.#....
#......#...............#.###


You could see an adder.

Vanquished Creatures
  An adder skeleton (D:2)
  A bat (D:1)
  2 endoplasms (D:1)
  A giant cockroach (D:1)
  A goblin (D:1)
  6 hobgoblins
  A jackal (D:1)
  3 kobolds
  2 rats
18 creatures vanquished.

Notes
Turn   | Place    | Note
-------+----------+-------------------------------------------
     0 | D:1      | enile the Felid Air Elementalist began the quest for the
                  | Orb.
     0 | D:1      | Reached XP level 1. HP: 7/7 MP: 4/4
   217 | D:1      | Reached skill level 1 in Fighting
   428 | D:1      | Found a faded altar of an unknown god.
   433 | D:1      | Got Plato's Catalogue of Battle Magic
   533 | D:1      | Prayed at the altar of an unknown god.
   533 | D:1      | Became a worshipper of Ashenzari the Shackled
   605 | D:1      | Reached XP level 2. HP: 13/13 MP: 0/6
  1371 | D:1      | Reached * piety under Ashenzari
  1371 | D:1      | Reached ** piety under Ashenzari
  1393 | D:2      | Learned a level 2 spell: Static Discharge
  1628 | D:2      | Reached skill level 3 in Air Magic
  1897 | D:1      | Slain by an adder

Illustrated notes

Levels and vault maps discovered:
D:1:      dpeg_arrival_brainrot, layout_basic,
          shapermc_ecumenical_altar_rom_forum, minmay_tetromino_i2
D:2:      layout_loops_cross

Skill      XL: |  1  2 |
---------------+-------+-----
Fighting       | 1 2 |  2.0
Air Magic      | 3 |  3.0
Dodging        | |  2.8
Stealth        | |  2.6
Spellcasting   | |  2.1
Conjurations   | |  0.8

Action                   || total
-------------------------++-------
Melee: Unarmed           ||    22
       Bite              ||     1
 Cast: Shock             ||    47
Invok: Curse Item        ||     1
  Use: Scroll            ||     1
 Stab: Sleeping          ||     1
Dodge: Dodged            ||    18

Table legend: (Time is in decaauts)
 A = Elapsed time spent in this place.
 B = Non-inter-level travel time spent in this place.
 C = Inter-level travel time spent in this place.
 D = Time resting spent in this place.
 E = Time spent auto-exploring this place.
 F = Levels seen in this place.
 G = Mean time per level.
                   A        B        C        D        E       F      G
               +--------+--------+--------+--------+--------+-----+--------+
         Total |   1680 |   1640 |     40 |      0 |   1464 |   2 |  840.0 |
       Dungeon |   1680 |   1640 |     40 |      0 |   1464 |   2 |  840.0 |
               +--------+--------+--------+--------+--------+-----+--------+

Top non-repeatable levels by time:
     D:1: 1252 daAuts
     D:2: 427 daAuts
